 Dungeon Crawl Stone Soup version 0.26-a0-707-g31817bcca1 (webtiles) character file.

Game seed: 13877046681160542512

14255 robertstho the Frost Mage (level 11, -19/99 HPs)
             Began as a Green Draconian Ice Elementalist on Oct 26, 2020.
             Was an Elder of Sif Muna.
             Hit by a large rock thrown by a cyclops (40 damage)
             ... on level 12 of the Dungeon.
             The game lasted 00:38:29 (15596 turns).

robertstho the Frost Mage (DrIE)                   Turns: 15596, Time: 00:38:29

Health: -19/99     AC:  8    Str: 10    XL:     11   Next: 86%
Magic:  16/25      EV: 12    Int: 20    God:    Sif Muna [****..]
Gold:   1042       SH:  0    Dex: 17    Spells: 11/30 levels left

rFire    x . .     SeeInvis +   (weapon currently unavailable)
rCold    + + +     Faith    .   (shield currently unavailable)
rNeg     . . .     Spirit   .   (armour unavailable)
rPois    +         Reflect  .   (helmet currently unavailable)
rElec    .         Harm     .   (cloak currently unavailable)
rCorr    .         Rampage  .   (gloves currently unavailable)
MR       .....                  (boots currently unavailable)
Stlth    +++.......             (no amulet)
HPRegen  0.26/turn              I - ring of see invisible
MPRegen  0.19/turn              y - +6 ring of dexterity

@: ice-form, frozen ramparts
A: large, (breathe noxious fumes), unfitting armour, AC +7
a: End Transformation, Channel Magic, Forget Spell, Divine Exegesis, Renounce
Religion


You were on level 12 of the Dungeon.
You worshipped Sif Muna.
Sif Muna was greatly pleased with you.
You were a creature of crystalline ice.
You visited 2 branches of the dungeon, and saw 13 of its levels.
You also visited: Bailey.

You collected 1402 gold pieces.
You spent 360 gold pieces at shops.

Inventory:

Hand Weapons
 l - a +2 vorpal hand axe
 m - the cursed +2 spear of Sunlight (melded) {venom, +Inv rElec MR+}
   (You took it off a kobold in a bailey)

   It poisons the flesh of those it strikes.
   It insulates you from electricity.
   It affects your resistance to hostile enchantments.
   It lets you turn invisible.
   It has a curse placed upon it.
 o - a +1 dagger of holy wrath
 u - a +2 spectral club
 J - a +0 dire flail of pain
 O - a +4 spectral quarterstaff
Missiles
 a - a throwing net (quivered)
 i - 8 javelins
 s - 8 poisoned darts
Armour
 A - a +1 hat (melded)
 B - a +0 cloak (melded)
 Q - the +2 pair of gloves "Nitzil" (melded) {rElec rC- Str+8 Int+6 Dex-2}
   (You found it on level 7 of the Dungeon)

   It affects your strength (+8).
   It affects your intelligence (+6).
   It affects your dexterity (-2).
   It makes you vulnerable to cold.
   It insulates you from electricity.
Jewellery
 v - an uncursed ring of positive energy
 y - a +6 ring of dexterity (right front paw)
 G - the ring of Zeacar {rF+ Int+3}
   (You found it on level 6 of the Dungeon)

   [ring of protection from fire]

   It affects your intelligence (+3).
   It protects you from fire.
 I - a ring of see invisible (left front paw)
 K - a cursed ring of flight
 L - an uncursed ring of positive energy
Wands
 t - a wand of polymorph (12)
 x - a wand of flame (15)
 C - a wand of paralysis (3)
 D - a wand of acid (9)
 M - a wand of digging (4)
Scrolls
 b - 6 scrolls of enchant armour
 c - 3 scrolls of magic mapping
 d - 2 scrolls of identify
 g - 10 scrolls of teleportation
 h - 15 scrolls of remove curse
 n - 4 scrolls of enchant weapon
 r - a scroll of blinking
 w - 3 scrolls of fog
 E - a scroll of holy word
 F - a scroll of brand weapon
 R - 2 scrolls of vulnerability {unknown}
Potions
 e - 2 potions of mutation
 f - 3 potions of lignification
 j - 2 potions of might
 k - a potion of stabbing
 p - 4 potions of curing
 z - 3 potions of haste
 H - 2 potions of brilliance
 N - a potion of magic
Miscellaneous
 P - a lightning rod (4/4)


   Skills:
 + Level 3.7 Fighting
 + Level 1.8 Short Blades
 + Level 4.1 Maces & Flails
 + Level 2.7 Polearms
 + Level 4.7 Dodging
 + Level 3.7 Stealth
 + Level 0.5 Unarmed Combat
 * Level 10.2 Spellcasting
 + Level 2.6 Summonings
 + Level 0.3 Transmutations
 * Level 12.0 Ice Magic
 * Level 6.0 Invocations


You had 11 spell levels left.
You knew the following spells:

 Your Spells              Type           Power        Failure   Level
a - Freeze                Ice            ####         1%          1
b - Frozen Ramparts       Ice            ######       1%          3
c - Ozocubu's Armour      Ice            ######..     1%          3
d - Hailstorm             Conj/Ice       ####....     5%          4
e - Summon Ice Beast      Ice/Summ       #####...     3%          4
f - Ice Form              Ice/Tmut       #####...     5%          4

Your spell library contained the following spells:

 Spells                   Type           Power        Failure   Level
 Summon Small Mammal      Summ           ###.         2%          1
 Beastly Appendage        Tmut           ##....       6%          1
 Sting                    Tmut/Pois      ##..         6%          1
 Animate Skeleton         Necr           ##....       7%          1
 Apportation              Tloc           ##....       7%          1
 Corona                   Hex            ##.....      7%          1
 Sandblast                Erth           ##....       7%          1
 Wereblood                Tmut           ##......     9%          2
 Passwall                 Tmut/Erth      ##......     10%         2
 Poisonous Vapours        Pois/Air       ##....       11%         2
 Spider Form              Tmut/Pois      ##........   19%         3
 Ignite Poison            Fire/Tmut/Pois ##......     21%         3
 Mephitic Cloud           Conj/Pois/Air  ##......     21%         3
 Stone Arrow              Conj/Erth      ##....       21%         3
 Petrify                  Tmut/Erth      ##......     54%         4
 Olgreb's Toxic Radiance  Pois           ##......     56%         4
 Blade Hands              Tmut           ##........   86%         5
 Lee's Rapid Deconstruct  Erth           ##........   88%         5


Dungeon Overview and Level Annotations

Branches:
Dungeon (12/15)            Temple (1/1) D:4            Lair (0/6) D:10
    Orc (0/2) D:11         Bailey (visited)

Altars:
Ashenzari
Cheibriados
Dithmenos
Elyvilon
Fedhas
Gozag
Hepliaklqana
Kikubaaqudgha
Makhleb
Nemelex Xobeh
Okawaru
Qazlal
Ru
Sif Muna
Trog
Uskayaw
Vehumet
Wu Jian
Xom
Yredelemnul
Zin
The Shining One

Shops:
D:8 ([}}

Annotations:
D:3 Grinder
D:4 scroll shop


Innate Abilities, Weirdness & Mutations

((You can breathe blasts of noxious fumes.))
((Your lurid green scales are hard. (AC +7)))
You cannot fit into any form of body armour.
((Your system is resistant to poisons. (rPois)))
((You are cold-blooded and may be slowed by cold attacks.))


Message History

You feel much better. The cyclops misses you.
Casting: Frozen Ramparts (safe; 1% risk of failure)
Confirm with . or Enter, or press ? or * to list all spells.
You turn into a creature of crystalline ice.
The cursed +2 spear of Sunlight {venom, +Inv rElec MR+} melds into your body.
Your +0 cloak melds into your body.
Your +1 hat melds into your body.
The +2 pair of gloves "Nitzil" {rElec rC- Str+8 Int+6 Dex-2} melds into your body.
The cursed +2 spear of Sunlight {venom, +Inv rElec MR+} stops dripping with poison.
You hit the cyclops but do no damage. The cyclops hits you.
You punch the cyclops! You freeze the cyclops.
The cyclops is moderately wounded.
The cyclops hits you!!
* * * LOW HITPOINT WARNING * * *
You feel better.
Unknown command.
Casting: Ice Form (dangerous; 5% risk of failure)
Confirm with . or Enter, or press ? or * to list all spells.
A chill wind blows around you. The cyclops barely misses you.
The cyclops throws a large rock.
The large rock hits you!!!
You die...

#. # #. .#
#.##### #. .#
#......
##.###.#
#######
#......# ###
###
#......###
..# #..
#..C.....#
#.# #.#
#.....##.#
#.# #.#
#.)YY.##.#
#.# #.#
###(####.#
#.# #.# #)#
#.####.####.#
#)#
#...........#
#.#
#.#####.#####
#.####.# #.#
#......# #.#
######.# #.#
#.# #.#


You could see a cyclops and a friendly ice beast (summoned).

Vanquished Creatures
  2 two-headed ogres
  An unseen horror (D:10)
  2 orc knights (Bailey)
  Joseph (D:10)
  Maggie (D:6)
  A troll (D:12)
  2 slime creatures (D:12)
  3 wyverns
  A wraith (D:12)
  Eustachio (D:6)
  11 yaks
  Edmund (D:6)
  6 orc warriors
  3 sky beasts
  3 ice beasts
  A black bear (D:7)
  2 phantoms
  9 ogres
  9 centaurs
  2 big kobolds
  Blork the orc (D:4)
  7 bullfrogs
  9 killer bees
  2 scorpions
  4 wights
  7 howler monkeys
  2 centaur zombies (D:5)
  A bullfrog zombie (D:9)
  A centaur skeleton (D:9)
  A jelly (D:6)
  A quasit (D:10)
  8 orc priests
  7 hounds
  A bullfrog skeleton (D:7)
  Jessica (D:2)
  Ijyb (D:3)
  5 iguanas
  9 orc wizards
  4 worker ants
  2 hound skeletons
  A howler monkey zombie (D:9)
  3 worker ant zombies
  Robin (D:3)
  7 gnolls
  8 adders
  3 shadow imps
  2 white imps
  An ufetubus (D:8)
  2 adder skeletons
  3 worms
  2 dart slugs
  5 leopard geckos
  62 orcs
  5 giant cockroaches
  23 goblins
  8 hobgoblins
  10 jackals
  27 kobolds
  4 quokkas
  2 ball pythons
  8 bats
  12 frilled lizards
  A leopard gecko zombie (D:7)
  2 quokka skeletons
  A quokka zombie (D:7)
  8 rats
  A spectral orc (D:3)
348 creatures vanquished.

Vanquished Creatures (collateral kills)
  A two-headed ogre (D:11)
  A deep elf mage (D:11)
  4 slime creatures (D:12)
  2 yaks (D:11)
  3 ice beasts
  3 necrophages (D:9)
  2 phantoms
  An orc warrior (Bailey)
  2 bullfrogs
  A water moccasin zombie (D:9)
  2 wyvern skeletons
  A scorpion (D:11)
  7 wights
  A nameless horror (D:9)
  A bullfrog skeleton (D:11)
  2 bullfrog zombies
  A hound (D:9)
  2 orc wizards (D:11)
  A worker ant (D:11)
  A hound zombie (D:9)
  A mummy (D:9)
  A worker ant zombie (D:11)
  A white imp (D:8)
  An ufetubus (D:7)
  8 orcs
  A goblin (Bailey)
  A quokka zombie (D:9)
53 creatures vanquished.

Vanquished Creatures (others)
  A giant cockroach (D:4)
1 creature vanquished.

Grand Total: 402 creatures vanquished

Notes
Turn   | Place    | Note
-------+----------+-------------------------------------------
     0 | D:1      | robertstho the Draconian Ice Elementalist began the quest
                  | for the Orb.
     0 | D:1      | Reached XP level 1. HP: 14/14 MP: 3/3
   452 | D:1      | Reached XP level 2. HP: 20/20 MP: 3/5
  1089 | D:1      | Reached XP level 3. HP: 17/26 MP: 6/6
  1313 | D:2      | Found a faded altar of an unknown god.
  1416 | D:1      | Learned a level 3 spell: Frozen Ramparts
  1640 | D:2      | Reached XP level 4. HP: 25/34 MP: 3/7
  1930 | D:2      | Noticed Jessica
  1938 | D:2      | Killed Jessica
  1938 | D:2      | Reached skill level 1 in Fighting
  2222 | D:2      | Found a stormy altar of Qazlal.
  2404 | D:3      | Reached XP level 5. HP: 40/40 MP: 5/9
  2593 | D:3      | Noticed Robin
  2606 | D:3      | Reached skill level 5 in Ice Magic
  2608 | D:3      | Killed Robin
  2674 | D:3      | Noticed Ijyb
  2681 | D:3      | Killed Ijyb
  2681 | D:3      | Reached skill level 1 in Short Blades
  2985 | D:3      | Found a basalt altar of Yredelemnul.
  3162 | D:3      | Noticed Grinder
  3163 | D:3      | Paralysed by Grinder for 5 turns
  3786 | D:3      | Found a shimmering altar of Xom.
  3952 | D:4      | Noticed a phantom
  4070 | D:4      | Found Roxuheheol's Magic Scroll Emporium.
  4109 | D:4      | Reached XP level 6. HP: 47/47 MP: 4/11
  4110 | D:4      | Bought a scroll of magic mapping for 42 gold pieces
  4110 | D:4      | Bought a scroll of identify for 24 gold pieces
  4110 | D:4      | Bought a scroll of remove curse for 36 gold pieces
  4110 | D:4      | Bought a scroll of fog for 24 gold pieces
  4110 | D:4      | Bought a scroll of teleportation for 36 gold pieces
  4180 | D:4      | Found a radiant altar of Vehumet.
  4501 | D:4      | Noticed Blork the orc
  4518 | D:4      | Killed Blork the orc
  4518 | D:4      | Reached skill level 6 in Ice Magic
  4633 | D:4      | Found a staircase to the Ecumenical Temple.
  4741 | Temple   | Entered the Ecumenical Temple
  5134 | D:5      | Entered Level 5 of the Dungeon
  5493 | D:5      | Reached skill level 1 in Maces & Flails
  5493 | D:5      | Your scales start taking on a lurid green colour.
  5493 | D:5      | Reached XP level 7. HP: 30/52 MP: 13/13
  5493 | D:5      | Gained mutation: Your system is resistant to poisons.
                  | (rPois) [Green Draconian growth]
  5544 | D:5      | Reached skill level 5 in Spellcasting
  5806 | D:5      | Found a bloodstained altar of Trog.
  6310 | D:5      | Reached XP level 8. HP: 59/59 MP: 12/16
  6458 | D:5      | Learned a level 3 spell: Ozocubu's Armour
  6463 | D:5      | Learned a level 4 spell: Hailstorm
  6468 | D:5      | Learned a level 4 spell: Summon Ice Beast
  6488 | D:6      | Reached skill level 7 in Ice Magic
  6511 | D:6      | Noticed Maggie
  6528 | D:6      | Killed Maggie
  6797 | D:6      | Got a transparent pewter ring
  6818 | D:6      | Noticed Eustachio
  6831 | D:6      | Killed Eustachio
  7044 | D:6      | Identified the ring of Zeacar {rF+ Int+3} (You found it on
                  | level 6 of the Dungeon)
  7312 | D:6      | Noticed Edmund
  7321 | D:6      | Killed Edmund
  7321 | D:6      | Reached skill level 8 in Ice Magic
  7607 | D:7      | Reached XP level 9. HP: 67/67 MP: 15/19
  7668 | D:7      | Found a broken altar of Ashenzari.
  8132 | D:7      | Reached skill level 9 in Ice Magic
  8339 | D:7      | Found a sparkling altar of Nemelex Xobeh.
  8340 | D:7      | Found an opulent altar of Gozag.
  8531 | D:7      | Reached skill level 1 in Summonings
  8767 | D:7      | Found a shimmering blue altar of Sif Muna.
  9008 | D:7      | Became a worshipper of Sif Muna the Loreminder
  9041 | D:7      | Got a pair of fine gloves
  9051 | D:7      | Identified the +2 pair of gloves "Nitzil" {rElec rC- Str+8
                  | Int+6 Dex-2} (You found it on level 7 of the Dungeon)
  9095 | D:8      | Found Ynuser's Gadget Shoppe.
  9485 | D:8      | Reached skill level 1 in Invocations
  9485 | D:8      | Reached XP level 10. HP: 75/75 MP: 17/21
  9509 | D:8      | Found Umiczaz's Antique Weapon Boutique.
  9529 | D:8      | Found Hiosasuocs's Antique Armour Boutique.
  9613 | D:8      | Reached skill level 10 in Ice Magic
  9728 | D:8      | Found Ojodd's Gadget Shoppe.
 10113 | D:9      | Found a bloodstained altar of Trog.
 10169 | D:9      | Reached * piety under Sif Muna
 10213 | D:9      | Noticed a two-headed ogre
 10231 | D:9      | Killed a two-headed ogre
 11208 | D:4      | Bought a scroll of enchant weapon for 90 gold pieces
 11208 | D:4      | Bought a scroll of teleportation for 36 gold pieces
 11208 | D:4      | Bought a scroll of identify for 24 gold pieces
 11208 | D:4      | Bought a scroll of identify for 24 gold pieces
 11208 | D:4      | Bought a scroll of fog for 24 gold pieces
 11788 | D:10     | Entered Level 10 of the Dungeon
 11828 | D:10     | Found a flagged portal.
 11831 | D:10     | Reached ** piety under Sif Muna
 11843 | Bailey   | Entered a bailey
 11849 | Bailey   | Learned a level 4 spell: Ice Form
 11876 | Bailey   | Noticed an orc knight
 11916 | Bailey   | Killed an orc knight
 11930 | Bailey   | Reached skill level 11 in Ice Magic
 11936 | Bailey   | Noticed an orc knight
 12056 | Bailey   | Identified the cursed +2 spear of Sunlight {venom, +Inv
                  | rElec MR+}
 12373 | Bailey   | Killed an orc knight
 12706 | D:10     | Reached XP level 11. HP: 82/82 MP: 16/24
 13067 | D:10     | Noticed an unseen horror
 13071 | D:10     | Killed an unseen horror
 13295 | D:10     | Noticed Joseph
 13313 | D:10     | Killed Joseph
 13426 | D:10     | Found a staircase to the Lair.
 13741 | D:11     | Reached skill level 1 in Polearms
 13923 | D:11     | Reached *** piety under Sif Muna
 13993 | D:11     | Noticed a two-headed ogre
 14000 | D:11     | Noticed a two-headed ogre
 14017 | D:11     | Killed a two-headed ogre
 14017 | D:11     | Killed a two-headed ogre
 14017 | D:11     | Reached skill level 5 in Invocations
 14448 | D:11     | Found a staircase to the Orcish Mines.
 14593 | D:11     | Reached **** piety under Sif Muna
 14624 | D:11     | Noticed a deep elf mage
 14634 | D:11     | Killed a deep elf mage
 14777 | D:11     | Reached skill level 10 in Spellcasting
 15238 | D:12     | Reached skill level 12 in Ice Magic
 15596 | D:12     | Hit by a large rock thrown by a cyclops

Illustrated notes

Levels and vault maps discovered:
D:1:      elethiomel_arrival_maze, layout_basic
D:2:      layout_loops_ring, chequers_ecumenical_altar_simple,
          nicolae_qazlal_eye_of_the_storm, uniq_jessica
D:3:      layout_loops_corners, yredelemnul_forgotten_temple_becter,
          lemuel_coloured_pillars_altar, corexii_hall_statues_l, uniq_robin,
          uniq_grinder, uniq_ijyb
D:4:      layout_rooms, lemuel_round_altar, lemuel_temple_firewalk_a,
          serial_shops, shop, chequers_serial_rivers_small_3, uniq_blork_the_orc
D:5:      layout_basic, bloody_trog, lemuel_flamethrower_1
D:6:      layout_basic, minmay_small_thing, uniq_edmund, uniq_maggie,
          uniq_eustachio
D:7:      minmay_the_grid_square_5x5_3x3 [minmay_the_grid_square_5x5_inner_v,
          minmay_the_grid_square_5x5_six_small,
          minmay_the_grid_square_5x5_misaligned, minmay_the_grid_square_5x5_v,
          minmay_the_grid_square_5x5_megaprize_diamond,
          minmay_the_grid_square_5x5_broken_cross,
          minmay_the_grid_square_5x5_meh, minmay_the_grid_square_5x5_mess,
          minmay_the_grid_square_5x5_two_small], layout_basic,
          grunt_temple_overflow_opulence, kennysheep_mini,
          evilmike_ruin_ashenzari
D:8:      layout_loops_ring, serial_shops, nicolae_shop_waterfront, shop,
          nicolae_shop_window_shopping, nicolae_shop_statue_plus
D:9:      layout_roguey, serial_undead, serial_undead_a, serial_undead_d,
          serial_undead_f, serial_undead_b, kennysheep_flooded_box,
          trog_three_pillars_becter
D:10:     layout_roguey, lair_entry_dummy, enter_bailey_7, uniq_joseph
D:11:     layout_irregular_city, hiddenorc2_lemuel
D:12:     layout_loops_ring, enter_trove_3, uniq_erolcha
Temple:   regret_index_temple_generic_petals

Skill      XL: |  1  2  3  4  5  6  7  8  9 10 11 |
---------------+----------------------------------+-----
Dodging        | 2 3 4 |  4.7
Fighting       | 1 2 3 |  3.7
Spellcasting   | 3 4 5 6 7 9 10 | 10.2
Stealth        | 2 3 |  3.7
Ice Magic      | 5 6 8 9 11 12 | 12.0
Short Blades   | 1 |  1.8
Maces & Flails | 1 2 3 4 |  4.1
Summonings     | 1 2 |  2.6
Invocations    | 1 3 6 |  6.0
Polearms       | 2 |  2.7
Unarmed Combat | |  0.5
Transmutations | |  0.3

Action                   |  1- 3 |  4- 6 |  7- 9 | 10-12 || total
-------------------------+-------+-------+-------+-------++-------
Melee: Unarmed           |    10 |       |       |    27 ||    37
       Tailslap          |     7 |     6 |    40 |    55 ||   108
       Dagger            |    51 |    44 |    51 |    54 ||   200
       Club              |       |    21 |       |       ||    21
       Whip              |       |    37 |   205 |   107 ||   349
       Spear             |       |       |       |   117 ||   117
       Punch             |       |       |       |     2 ||     2
 Cast: Freeze            |    11 |     6 |     1 |       ||    18
       Frozen Ramparts   |     5 |    40 |    33 |    52 ||   130
       Summon Ice Beast  |       |       |     8 |    61 ||    69
       Ice Form          |       |       |       |     6 ||     6
Invok: Channel Magic     |       |       |       |     1 ||     1
 Abil: Breathe Noxious F |       |       |     1 |     2 ||     3
  Use: Scroll            |       |     4 |     5 |     9 ||    18
       Potion            |       |       |       |     4 ||     4
 Stab: Sleeping          |     1 |       |     4 |     5 ||    10
       Distracted        |       |       |     1 |       ||     1
Armor: Skin              |    25 |    36 |    83 |   131 ||   275
Dodge: Dodged            |    55 |    91 |   187 |   307 ||   640

Table legend: (Time is in decaauts)
 A = Elapsed time spent in this place.
 B = Non-inter-level travel time spent in this place.
 C = Inter-level travel time spent in this place.
 D = Time resting spent in this place.
 E = Time spent auto-exploring this place.
 F = Levels seen in this place.
 G = Mean time per level.
                   A        B        C        D        E       F      G
               +--------+--------+--------+--------+--------+-----+--------+
         Total |  15594 |  14747 |    847 |    959 |  10316 |  14 | 1113.9 |
       Dungeon |  14548 |  13726 |    822 |    573 |  10013 |  12 | 1212.3 |
        Temple |    209 |    185 |     24 |      0 |    185 |   1 |  209.0 |
        Bailey |    836 |    836 |      0 |    386 |    117 |   1 |  836.0 |
               +--------+--------+--------+--------+--------+-----+--------+

Top non-repeatable levels by time:
     D:7: 1735 daAuts
     D:3: 1614 daAuts
     D:9: 1551 daAuts
    D:11: 1515 daAuts
     D:1: 1328 daAuts
     D:2: 1200 daAuts
     D:5: 1200 daAuts
    D:10: 1084 daAuts
     D:4: 1036 daAuts
     D:8: 971 daAuts
     D:6: 935 daAuts
  Bailey: 836 daAuts
    D:12: 375 daAuts
  Temple: 209 daAuts
